 Dungeon Crawl Stone Soup version 0.27.1-37-g7b29ead8ac (console) character file.

Game seed: 14059176977188447242

115922 grimtooth the Bewitcher (level 16, -6/120 HPs)
             Began as a Vampire Enchanter on Dec 24, 2023.
             Was the Champion of Kikubaaqudgha.
             Mangled by a phantasmal warrior (16 damage)
             ... led by a death knight
             ... on level 8 of the Dungeon on Dec 25, 2023.
             The game lasted 03:52:12 (36887 turns).

grimtooth the Bewitcher (Vampire Enchanter)        Turns: 36887, Time: 03:52:12

Health: -6/120     AC: 14    Str:  7    XL:     16   Next: 19%
Magic:  21/25      EV: 20    Int: 23    God:    Kikubaaqudgha [******]
Gold:   1362       SH:  6    Dex: 18    Spells: 8/27 levels left

rFire    . . .     SeeInvis +   b - +4 dagger
rCold    . . .     Faith    .   c - +0 buckler
rNeg     . . .     Spirit   .   B - +2 robe {Will+}
rPois    .         Reflect  .   W - +3 crown of Dyrovepreva {rElec Int+2 SInv}
rElec    +         Harm     .   L - scarf {shadows}
rCorr    +         Rampage  .   i - +0 pair of gloves
Will     +....                  u - +0 pair of boots
Stlth    ++++++....             h - amulet of regeneration
HPRegen  1.50/turn              t - +4 ring of protection
MPRegen  0.19/turn              U - ring of resist corrosion

@: weak-willed, healing quickly
A: alive, fangs 3, see invisible, vampiric 2
a: Exsanguinate, Renounce Religion, Receive Corpses, Torment, Brand Weapon With
Pain, Receive Forbidden Knowledge


You were on level 8 of the Dungeon.
You worshipped Kikubaaqudgha.
Kikubaaqudgha was exalted by your worship.
You visited 4 branches of the dungeon, and saw 23 of its levels.
You also visited: Bailey and Gauntlet.

You collected 2675 gold pieces.
You spent 1313 gold pieces at shops.

Inventory:

Hand Weapons
 a - a +2 dagger of venom
 b - a +4 dagger (weapon)
Missiles
 g - 141 poisoned darts (quivered)
 o - 3 curare-tipped darts
 H - 3 throwing nets {=f}
 V - 4 javelins
Armour
 c - a +0 buckler (worn)
 i - a +0 pair of gloves (worn)
 u - a +0 pair of boots (worn)
 B - a +2 robe of willpower (worn)
 L - a scarf of shadows (worn)
 W - the +3 crown of Dyrovepreva (worn) {rElec Int+2 SInv}
   (You found it in a bailey)

   Int:       It affects your intelligence (+2).
   rElec:     It insulates you from electricity.
   SInv:      It lets you see invisible.
Magical Staves
 P - a staff of poison
Jewellery
 e - the ring of Ohok {MP+9 Int+5}
   (You bought it in a shop on level 2 of the Orcish Mines)

   [ring of magical power]

   Int:       It affects your intelligence (+5).
   MP:        It affects your magic capacity (+9).
 h - an amulet of regeneration (around neck)
 l - a ring of willpower
 s - the ring "Ejet" {Fly rC+}
   (You found it in a Gauntlet)

   [ring of protection from cold]

   rC:        It protects you from cold.
   Fly:       It grants you flight.
 t - a +4 ring of protection (left hand)
 x - a ring of fire
 R - a +6 ring of intelligence
 U - a ring of resist corrosion (right hand)
Wands
 f - a wand of flame (14)
 v - a wand of iceblast (15)
 E - a wand of paralysis (43)
 Q - a wand of polymorph (4)
Scrolls
 k - 2 scrolls of holy word {unknown}
 n - 3 scrolls of blinking {unknown}
 p - 3 scrolls of fog
 y - a scroll of silence {unknown}
 z - 5 scrolls of enchant weapon {unknown}
 D - a scroll of immolation {unknown}
 F - 3 scrolls of vulnerability {unknown}
 G - 4 scrolls of teleportation
 I - a scroll of fear {unknown}
 J - 5 scrolls of acquirement {unknown}
 K - 4 scrolls of magic mapping
 M - a scroll of enchant armour
 O - a scroll of torment
 X - a scroll of summoning {unknown}
 Z - a scroll of brand weapon {unknown}
Potions
 d - 2 potions of heal wounds
 j - 5 potions of haste
 m - 9 potions of curing
 q - a potion of magic
 w - 4 potions of brilliance
 A - 2 potions of might
 C - 4 potions of cancellation
 N - 4 potions of flight
 S - a potion of resistance
 T - 2 potions of mutation
 Y - a potion of ambrosia {unknown}
Miscellaneous
 r - a tin of tremorstones (1/2)


   Skills:
 - Level 9.0 Fighting
 - Level 9.0 Short Blades
 - Level 6.0 Armour
 - Level 12.0 Dodging
 - Level 15.0 Stealth
 - Level 6.0 Shields
 - Level 6.0 Spellcasting
 + Level 17.9 Hexes
 - Level 9.0 Necromancy
 + Level 10.9 Ice Magic
 - Level 6.0 Evocations


You had 8 spell levels left.
You knew the following spells:

 Your Spells              Type           Power      Damage    Failure   Level
a - Corona                Hex            81%        N/A       0%          1
b - Tukima's Dance        Hex            73%        N/A       0%          3
c - Metabolic Englaciati  Hex/Ice        32%        N/A       1%          5
d - Vampiric Draining     Necr           24%        2d9       1%          3
e - Ensorcelled Hibernat  Hex/Ice        100%       N/A       1%          2
s - Slow                  Hex            73%        N/A       0%          2
z - Confusing Touch       Hex            73%        N/A       0%          3

Your spell library contained the following spells:

 Spells                   Type           Power      Damage    Failure   Level
 Pain                     Necr           100%       1d9       1%          1
 Corpse Rot               Necr/Air       N/A        N/A       1%          2
 Sublimation of Blood     Necr           24%        N/A       1%          2
 Dazzling Flash           Conj/Hex       96%        N/A       1%          3
 Inner Flame              Hex/Fire       48%        N/A       1%          3
 Ozocubu's Armour         Ice            55%        N/A       1%          3
 Cause Fear               Hex            36%        N/A       1%          4
 Dispel Undead            Necr           48%        3d18      1%          4
 Fulminant Prism          Conj/Hex       24%        3d13      2%          4
 Agony                    Necr           48%        N/A       6%          5
 Excruciating Wounds      Necr           24%        N/A       6%          5
 Silence                  Hex/Air        24%        N/A       6%          5
 Yara's Violent Unravell  Hex/Tmut       24%        3d11      6%          5
 Beastly Appendage        Tmut           12%        N/A       9%          1
 Foxfire                  Conj/Fire      24%        2x1d5     9%          1
 Static Discharge         Conj/Air       6%         N/A       13%         2
 Wereblood                Tmut           6%         N/A       13%         2
 Simulacrum               Ice/Necr       25%        N/A       22%         6
 Conjure Flame            Conj/Fire      6%         6-21      26%         3
 Gell's Gravitas          Tloc           3%         N/A       26%         3
 Spider Form              Tmut/Pois      3%         N/A       26%         3
 Stone Arrow              Conj/Erth      12%        3d7       26%         3
 Teleport Other           Tloc           6%         N/A       26%         3
 Death Channel            Necr           24%        N/A       32%         6
 Borgnjor's Vile Clutch   Necr/Erth      13%        N/A       36%         5
 Freezing Cloud           Conj/Ice/Air   11%        6-21      47%         5
 Animate Armour           Summ/Erth      12%        N/A       63%         4
 Iskenderun's Mystic Bla  Conj/Tloc      6%         2d4       63%         4
 Passage of Golubria      Tloc           N/A        N/A       63%         4
 Petrify                  Tmut/Erth      6%         N/A       63%         4
 Ozocubu's Refrigeration  Ice            27%        4d10      63%         7
 Bolt of Magma            Conj/Fire/Erth 3%         4d5       93%         5
 Irradiate                Conj/Tmut      3%         3d15      93%         5
 Lee's Rapid Deconstruct  Erth           3%         3d6*      93%         5
 Lightning Bolt           Conj/Air       3%         1d14      93%         5
 Dispersal                Tloc           3%         N/A       100%        6
 Dragon Form              Tmut           3%         N/A       100%        7
 Lehudib's Crystal Spear  Conj/Erth      3%         10d2      100%        8
 Maxwell's Capacitive Co  Air            3%         ∞         100%        8
 Dragon's Call            Summ           3%         N/A       100%        9
 Polar Vortex             Ice            27%        N/A       100%        9
 Shatter                  Erth           3%         3d7*      100%        9


Dungeon Overview and Level Annotations

Branches:
Dungeon (14/15)            Temple (1/1) D:5            Lair (6/6) D:11
 Shoals (0/4) Lair:3       Spider (0/4) Lair:2        Slime (0/5) Lair:5
    Orc (2/2) D:12            Elf (0/3) Orc:2        Vaults (0/5) D:13
 Bailey (visited)         Gauntlet (visited)

Altars:
Ashenzari
Cheibriados
Dithmenos
Elyvilon
Fedhas
Gozag
Hepliaklqana
Kikubaaqudgha
Makhleb
Nemelex Xobeh
Okawaru
Qazlal
Ru
Sif Muna
Trog
Uskayaw
Vehumet
Wu Jian
Xom
Yredelemnul
Zin
The Shining One

Shops:
D:9 *   D:11 *   Orc:2 !**!

Annotations:
D:8 2 transporters, exclusion: phantasmal warrior, grimtooth's ghost, novice GrIE
Lair:1 2 transporters
Lair:4 3 runed translucent doors, Murgh's ghost, journeyman MiBe
Lair:5 1 runed translucent door, FuzzyBarbErik's ghost, journeyman FeEn


Innate Abilities, Weirdness & Mutations

Your natural rate of healing is accelerated.
You have razor-sharp teeth.
You have supernaturally acute eyesight. (SInv)
You are afflicted with vampirism and can become a bat while bloodless.


Message History

The phantasmal warrior is heavily damaged.
You hit the phantasmal warrior but do no damage.
The phantasmal warrior is heavily damaged.
The phantasmal warrior hits you!
You closely miss the phantasmal warrior.
The phantasmal warrior is heavily damaged.
You hit the phantasmal warrior but do no damage.
The phantasmal warrior is heavily damaged.
You block the phantasmal warrior's attack.
You hit the phantasmal warrior but do no damage.
The phantasmal warrior is heavily damaged.
You hit the phantasmal warrior but do no damage.
Your bite misses the phantasmal warrior.
The phantasmal warrior is heavily damaged.
The phantasmal warrior hits you but does no damage.
You hit the phantasmal warrior but do no damage.
The phantasmal warrior is heavily damaged.
The phantasmal warrior barely misses the phantasmal warrior.
The phantasmal warrior hits you!!
* * * LOW HITPOINT WARNING * * *
You barely miss the phantasmal warrior.
The phantasmal warrior is heavily damaged.
Your hands stop glowing.
The tremorstone explodes into fragments!
The burst of rock shards engulfs the phantasmal warrior.
The burst of rock shards engulfs the phantasmal warrior but does no damage.
The burst of rock shards engulfs you!
* * * LOW HITPOINT WARNING * * *
The burst of rock shards engulfs the phantasmal warrior but does no damage.
The burst of rock shards engulfs the phantasmal warrior.
The burst of rock shards engulfs the death knight.
The burst of rock shards engulfs you but does no damage.
The burst of rock shards engulfs the phantasmal warrior but does no damage.
The burst of rock shards engulfs the phantasmal warrior.
The burst of rock shards engulfs the death knight!
The burst of rock shards engulfs you!
* * * LOW HITPOINT WARNING * * *
The phantasmal warrior hits you!
You die...
Kikubaaqudgha rasps: "You have failed me!
Welcome... death!"

.......##....##....# ##.##.....#
######..##...#.Og...$#..O#....##
##..#..©#©..#O_)..Wy#©.>##
##.....#o##≈../##..#..##
##^...######W# #.##.##
##....##....# ###..#
###########...##....## ##.##
...............###...###..#
#######.....#....#####...###
........###....#...........#
######### ####..@###.......####
##.W###..........#
#.W.........#.#.#
############..#........_..#
.....§..?......p..........#.###
#################.##........#
#..#.......## ##.#.......#
#.#.......## #...####...#
#####..######<#


You could see a death knight (confused) and 2 phantasmal warriors.

Vanquished Creatures
  Frances (D:14)
  A frost giant (D:14)
  Nessos (Lair:5)
  An ettin (Orc:2)
  A deep elf high priest (D:14)
  Fannar (D:11)
  2 boulder beetles
  3 vault guards (D:13)
  11 hydras
  6 centaur warriors
  3 catoblepae
  A merfolk avatar (Lair:6)
  2 tengu warriors (D:14)
  4 death yaks
  A satyr (shapeshifter) (D:14)
  3 orc high priests
  Urug (Lair:5)
  A hell knight (D:14)
  7 slime creatures
  2 sea snakes (Lair:6)
  A deep troll (shapeshifter) (D:14)
  2 necromancers (D:14)
  Pikel (D:5)
  A harpy (Lair:6)
  2 orc knights
  A dancing weapon (D:10)
  2 deep elf pyromancers
  4 ugly things
  10 cyclopes
  2 oklob plants (Lair:5)
  A mana viper (shapeshifter) (D:13)
  4 orc sorcerers (Orc:2)
  14 manticores
  24 elephants
  A black mamba (shapeshifter) (D:13)
  An apocalypse crab (Gauntlet)
  6 black mambas
  Joseph (D:8)
  14 cane toads
  2 gargoyles
  3 torpor snails (Lair:6)
  Maggie (D:9)
  2 kobold demonologists (D:10)
  An unseen horror (shapeshifter) (D:13)
  3 efreet
  A freezing wraith (D:8)
  6 rime drakes
  A yaktaur (D:14)
  15 komodo dragons
  2 tengu conjurers (D:14)
  A queen bee (shapeshifter) (D:13)
  11 trolls
  3 hornets
  2 merfolk (Lair:3)
  8 polar bears
  A wind drake (Lair:6)
  10 dream sheep
  14 blink frogs
  A snapping turtle (Lair:6)
  A meliai zombie (D:10)
  A centaur simulacrum (D:14)
  2 shadows
  9 wyverns
  5 wraiths
  A human (shapeshifter) (D:14)
  10 spriggans (Lair:3)
  6 basilisks
  3 vampires
  33 yaks
  17 vampire mosquitoes
  A steam dragon (D:9)
  A swamp worm (shapeshifter) (D:14)
  3 wargs
  3 small abominations (Gauntlet)
  29 orc warriors
  20 water moccasins
  2 acid dragons
  A black bear (Lair:2)
  3 necrophages
  A sky beast (D:5)
  3 boggarts (Lair:3)
  6 ogres
  13 wolves (Lair:2)
  15 centaurs
  3 phantoms
  Blork the orc (D:5)
  12 bullfrogs
  A scorpion (D:5)
  10 killer bees
  3 electric eels (Lair:2)
  A crimson imp (D:6)
  4 centaur zombies
  4 jellies
  15 orc priests
  A bullfrog skeleton (D:5)
  6 hounds
  4 iguanas
  27 orc wizards
  6 ogre zombies (D:12)
  2 hound zombies (D:5)
  3 gnolls
  A howler monkey skeleton (D:4)
  9 adders
  A shadow imp (D:6)
  4 white imps
  2 ufetubi
  3 worms
  2 dart slugs
  78 orcs
  6 endoplasms
  2 giant cockroaches (D:2)
  6 goblins
  10 hobgoblins
  5 jackals
  9 kobolds
  5 quokkas
  4 ball pythons
  3 bats
  4 frilled lizards
  A hobgoblin skeleton (D:12)
  4 hobgoblin zombies (D:12)
  An orc skeleton (D:12)
  12 orc zombies (D:12)
  A quokka skeleton (D:2)
  2 rats
  A spectral kobold (D:2)
701 creatures vanquished.

Vanquished Creatures (collateral kills)
  A minotaur (Gauntlet)
  An ettin (D:14)
  Josephine (D:10)
  A vault guard (D:13)
  2 centaur warriors (D:14)
  2 two-headed ogres
  Nergalle (D:11)
  A deep elf archer (D:14)
  3 orc knights (Orc:2)
  2 merfolk (Lair:3)
  A spriggan (Lair:3)
  8 orc warriors
  2 ogres
  A kobold brigand (D:6)
  2 orc priests (Orc:2)
  An iguana (D:5)
  2 orc wizards (Orc:2)
  A gnoll (D:6)
  3 orcs (Orc:1)
  A goblin (Orc:1)
37 creatures vanquished.

Vanquished Creatures (others)
  9 dancing weapons
  3 bushes (D:11)
  24 demonic plants (Gauntlet)
  47 fungi
  132 plants
215 creatures vanquished.

Grand Total: 953 creatures vanquished

Notes
Turn   | Place    | Note
-------+----------+-------------------------------------------
     0 | D:1      | grimtooth the Vampire Enchanter began the quest for the
                  | Orb.
     0 | D:1      | Reached XP level 1. HP: 13/13 MP: 3/3
   338 | D:1      | Reached XP level 2. HP: 19/19 MP: 5/5
   674 | D:2      | Found a faded altar of an unknown god.
  1097 | D:2      | Found a radiant altar of Vehumet.
  1258 | D:2      | Reached skill level 5 in Stealth
  1258 | D:2      | Gained mutation: You are afflicted with vampirism and can
                  | become a bat while bloodless. [Vampire growth]
  1258 | D:2      | Reached XP level 3. HP: 24/24 MP: 6/6
  1552 | D:2      | Reached skill level 5 in Hexes
  1851 | D:3      | Learned a level 3 spell: Confusing Touch
  1854 | D:3      | Learned a level 2 spell: Ensorcelled Hibernation
  1999 | D:3      | Found a shimmering blue altar of Sif Muna.
  2059 | D:3      | Reached XP level 4. HP: 30/30 MP: 2/7
  2112 | D:3      | Noticed an ogre
  2157 | D:3      | Killed an ogre
  2158 | D:3      | Reached XP level 5. HP: 35/35 MP: 6/8
  2656 | D:3      | Found a radiant altar of Vehumet.
  2951 | D:4      | Noticed an ogre
  3059 | D:4      | Noticed a phantom
  3093 | D:4      | Killed a phantom
  3094 | D:4      | Reached skill level 6 in Hexes
  3117 | D:4      | Reached skill level 5 in Short Blades
  3117 | D:4      | Reached XP level 6. HP: 41/41 MP: 6/9
  3346 | D:3      | Learned a level 3 spell: Tukima's Dance
  4101 | D:4      | Reached skill level 7 in Hexes
  4124 | D:5      | Entered Level 5 of the Dungeon
  4124 | D:5      | Noticed a water moccasin
  4126 | D:5      | Killed a water moccasin
  4127 | D:5      | Reached skill level 8 in Hexes
  4127 | D:5      | Reached XP level 7. HP: 46/46 MP: 5/10
  4184 | D:5      | Found a staircase to the Ecumenical Temple.
  4254 | Temple   | Entered the Ecumenical Temple
  4414 | Temple   | Became a worshipper of Kikubaaqudgha
  4670 | D:4      | Reached skill level 9 in Hexes
  4798 | D:5      | Noticed Pikel
  4798 | D:5      | Noticed Blork the orc
  4865 | D:5      | Killed Pikel
  4866 | D:5      | Reached skill level 10 in Hexes
  4866 | D:5      | Reached XP level 8. HP: 46/52 MP: 7/11
  4866 | D:5      | Killed Blork the orc
  4867 | D:5      | Reached skill level 11 in Hexes
  4926 | D:5      | - well that was stupid... right after handling that tricky
                  | business
  5061 | D:5      | Reached skill level 5 in Dodging
  5229 | D:5      | Got the Grimoire of Attacks and Bewitchment
  5426 | D:5      | Reached skill level 12 in Hexes
  5626 | D:5      | Found a hazy altar of Hepliaklqana.
  6149 | D:6      | Reached skill level 1 in Fighting
  6163 | D:6      | Reached * piety under Kikubaaqudgha
  6163 | D:6      | Received a gift from Kikubaaqudgha
  6205 | D:6      | Reached XP level 9. HP: 59/59 MP: 5/12
  6521 | D:6      | Learned a level 2 spell: Slow
  6824 | D:6      | Found a burning altar of Makhleb.
  7587 | D:7      | Reached skill level 1 in Ice Magic
  7995 | D:8      | Found a broken altar of Ashenzari.
  8231 | D:8      | Found a basalt altar of Yredelemnul.
  8378 | D:8      | Noticed a phantasmal warrior
  8387 | D:8      | Found a bloodstained altar of Trog.
  8389 | D:8      | Noticed grimtooth's ghost (novice GrIE)
  8390 | D:8      | Noticed a two-headed ogre
  8394 | D:8      | Found a transporter.
  8398 | D:8      | Found a transporter.
  8399 | D:8      | Noticed a moth of wrath
  8426 | D:8      | Noticed Joseph
  8436 | D:8      | Killed Joseph
  8437 | D:8      | Reached skill level 13 in Hexes
  8439 | D:8      | Reached skill level 5 in Fighting
  8592 | D:8      | Noticed a freezing wraith
  8868 | D:9      | Noticed Maggie
  8984 | D:9      | Noticed a two-headed ogre
  8995 | D:9      | Killed a two-headed ogre
  9081 | D:9      | Reached ** piety under Kikubaaqudgha
  9140 | D:9      | Reached XP level 10. HP: 76/76 MP: 10/14
  9339 | D:9      | Noticed an angel
  9474 | D:9      | Found Huaset's Hallowed Reliquary.
  9484 | D:9      | Bought a potion of heal wounds for 80 gold pieces
  9537 | D:9      | Reached skill level 14 in Hexes
  9544 | D:9      | Killed Maggie
  9833 | D:9      | Bought a potion of curing for 48 gold pieces
  9833 | D:9      | Bought a potion of heal wounds for 80 gold pieces
  9833 | D:9      | Bought a potion of heal wounds for 80 gold pieces
  9857 | D:10     | Entered Level 10 of the Dungeon
 10047 | D:10     | Noticed a soul eater
 10883 | D:10     | Noticed a sixfirhy
 10890 | D:10     | Reached skill level 15 in Hexes
 11112 | D:11     | Found Wualoama's Assorted Antiques.
 11127 | D:11     | Bought a viscous sapphire potion for 27 gold pieces
 11127 | D:11     | Bought a scroll labelled TOPIOSEMNYU for 30 gold pieces
 11153 | D:11     | Reached skill level 10 in Stealth
 11318 | D:11     | Noticed Nergalle
 11328 | D:11     | Noticed a manticore
 11366 | D:11     | Killed a manticore
 11367 | D:11     | Reached XP level 11. HP: 65/81 MP: 10/17
 11388 | D:11     | Killed Nergalle
 11398 | D:11     | Reached skill level 1 in Shields
 11788 | D:11     | Noticed a five-headed hydra
 11793 | D:11     | Killed a five-headed hydra
 11822 | D:11     | Noticed a cyan ugly thing
 11838 | D:11     | Killed a cyan ugly thing
 12259 | D:11     | Noticed Fannar
 12427 | D:11     | Found a staircase to the Lair.
 12638 | D:12     | Reached skill level 5 in Shields
 12776 | D:12     | Noticed a boulder beetle
 12786 | D:12     | Killed a boulder beetle
 13027 | D:12     | Reached *** piety under Kikubaaqudgha
 13027 | D:12     | Received a gift from Kikubaaqudgha
 13038 | D:12     | Found a staircase to the Orcish Mines.
 13238 | D:12     | Reached XP level 12. HP: 76/89 MP: 13/18
 13287 | D:12     | Noticed a two-headed ogre
 13646 | D:12     | Killed a two-headed ogre
 14109 | D:12     | Reached **** piety under Kikubaaqudgha
 14360 | Lair:1   | Entered Level 1 of the Lair of Beasts
 14360 | Lair:1   | Found a gate leading to a gauntlet.
 14367 | Gauntlet | Entered a Gauntlet
 14367 | Gauntlet | Found a transporter.
 14385 | Gauntlet | Found a transporter.
 14385 | Gauntlet | Found a transporter.
 14387 | Gauntlet | Found a transporter.
 14415 | Gauntlet | Found a transporter.
 14417 | Gauntlet | Found a transporter.
 14444 | Gauntlet | Found a transporter.
 14450 | Gauntlet | Found a transporter.
 14452 | Gauntlet | Found a large runed translucent door.
 14452 | Gauntlet | Found a large runed translucent door.
 14453 | Gauntlet | Found a large runed translucent door.
 14453 | Gauntlet | Found a large runed translucent door.
 14454 | Gauntlet | Found a large runed translucent door.
 14454 | Gauntlet | Found a large runed translucent door.
 14454 | Gauntlet | Found a runed translucent door.
 14454 | Gauntlet | Found a runed translucent door.
 14454 | Gauntlet | Found a large runed translucent door.
 14454 | Gauntlet | Found a large runed translucent door.
 14455 | Gauntlet | Found a large runed translucent door.
 14455 | Gauntlet | Found a large runed translucent door.
 14456 | Gauntlet | Found a transporter.
 14473 | Gauntlet | Found a transporter.
 14488 | Gauntlet | Found a large runed translucent door.
 14489 | Gauntlet | Found a large runed translucent door.
 14490 | Gauntlet | Found a large runed translucent door.
 14491 | Gauntlet | Found a runed translucent gate.
 14492 | Gauntlet | Found a transporter.
 14492 | Gauntlet | Found a runed translucent gate.
 14493 | Gauntlet | Found a runed translucent gate.
 14512 | Gauntlet | Found a large runed translucent door.
 14513 | Gauntlet | Found a large runed translucent door.
 14514 | Gauntlet | Found a large runed translucent door.
 14522 | Gauntlet | Found a transporter.
 14552 | Gauntlet | Found a transporter.
 14562 | Gauntlet | Noticed a hell hog
 14582 | Gauntlet | Found a transporter.
 14588 | Gauntlet | Found a transporter.
 14597 | Gauntlet | Noticed an eight-headed hydra
 14607 | Gauntlet | Noticed a death scarab
 14611 | Gauntlet | Found a transporter.
 14613 | Gauntlet | Noticed a death scarab
 14618 | Gauntlet | Found a transporter.
 14660 | Gauntlet | Found a transporter.
 14973 | Gauntlet | Identified the ring "Ejet" {Fly rC+}
 14988 | Gauntlet | Noticed a minotaur
 15006 | Gauntlet | Killed a minotaur
 15373 | Lair:1   | Found a transporter.
 15674 | Lair:1   | Found a transporter.
 15817 | Lair:1   | Noticed a boulder beetle
 16440 | Lair:2   | Found a hole to the Spider Nest.
 17133 | Lair:2   | Noticed a four-headed hydra
 17198 | Lair:2   | Reached skill level 5 in Ice Magic
 17414 | Lair:2   | Reached XP level 13. HP: 101/101 MP: 12/19
 17636 | Lair:2   | Identified the +7 scimitar "Umocs" {flame, +Blink rC+}
 17982 | Lair:3   | Reached ***** piety under Kikubaaqudgha
 18087 | Lair:3   | Reached skill level 1 in Necromancy
 18216 | Lair:3   | Reached skill level 1 in Armour
 18387 | Lair:3   | Found a staircase to the Shoals.
 19188 | Lair:4   | Reached skill level 15 in Stealth
 19886 | Lair:4   | Identified the +5 quarterstaff "Xool" {vorpal, rElec rPois
                  | rF- rN+}
 20035 | Lair:4   | Found a runed translucent gate.
 20036 | Lair:4   | Found a runed translucent gate.
 20036 | Lair:4   | Found a runed translucent gate.
 20040 | Lair:4   | Noticed Murgh's ghost (journeyman MiBe)
 20316 | Lair:4   | Reached skill level 5 in Necromancy
 20699 | Lair:5   | Noticed Nessos
 20786 | Lair:5   | Noticed Urug
 20817 | Lair:5   | Found a runed translucent door.
 20872 | Lair:5   | Identified the +4 spear "Moin" {vorpal, *Corrode rC+
                  | Will+++}
 21365 | Lair:5   | Killed Nessos
 21949 | Lair:6   | Entered Level 6 of the Lair of Beasts
 22536 | Lair:6   | Found a snail-covered altar of Cheibriados.
 22628 | Lair:6   | Reached XP level 14. HP: 108/108 MP: 13/20
 22702 | Lair:6   | Reached skill level 5 in Armour
 23932 | Lair:6   | Reached skill level 5 in Spellcasting
 24793 | Lair:5   | Noticed FuzzyBarbErik's ghost (journeyman FeEn)
 25495 | Lair:6   | Learned a level 5 spell: Metabolic Englaciation
 25499 | Lair:6   | Learned a level 3 spell: Vampiric Draining
 25831 | Lair:6   | Reached skill level 10 in Dodging
 26247 | D:11     | Killed Fannar
 26917 | D:10     | Noticed Josephine
 26942 | D:10     | Killed Josephine
 26971 | D:10     | Reached skill level 1 in Evocations
 27066 | Orc:1    | Entered Level 1 of the Orcish Mines
 27086 | Orc:1    | Reached ****** piety under Kikubaaqudgha
 27318 | Orc:1    | Found a flagged portal.
 27350 | Bailey   | Entered a bailey
 27758 | Bailey   | Found the +3 crown of Dyrovepreva {rElec Int+2 SInv}
 27989 | Bailey   | - i thought this one usually has manuals
 27989 | Bailey   | - dyro's all right tho
 28452 | Orc:2    | Entered Level 2 of the Orcish Mines
 28477 | Orc:2    | Found a staircase to the Elven Halls.
 28598 | Orc:2    | Reached XP level 15. HP: 113/113 MP: 14/24
 30006 | Orc:2    | Found Ybuha's Distillery.
 30006 | Orc:2    | Found Soneifac's Distillery.
 30012 | Orc:2    | Found Taty's Assorted Antiques.
 30012 | Orc:2    | Found Nodgh's General Store.
 30020 | Orc:2    | Bought a scroll of magic mapping for 59 gold pieces
 30020 | Orc:2    | Bought a wand of paralysis (11) for 221 gold pieces
 30068 | Orc:2    | Bought a scroll labelled OTZOINIMITS for 36 gold pieces
 30068 | Orc:2    | Bought a scroll labelled BIF OXUGUEGRE for 36 gold pieces
 30068 | Orc:2    | Bought a clouded brass ring for 180 gold pieces
 30068 | Orc:2    | Identified the ring of Ohok {MP+9 Int+5} (You bought it in
                  | a shop on level 2 of the Orcish Mines)
 30132 | Orc:2    | Bought 2 potions of heal wounds for 120 gold pieces
 30135 | Orc:2    | Bought a runed rapier for 252 gold pieces
 30138 | Orc:2    | Bought a potion of might for 64 gold pieces
 30753 | D:13     | Found a gate to the Vaults.
 31756 | D:14     | Noticed Frances
 31763 | D:14     | Killed Frances
 31764 | D:14     | Reached skill level 5 in Evocations
 31997 | D:14     | Reached skill level 16 in Hexes
 32223 | D:14     | - strange little pocket
 33622 | D:14     | Reached skill level 10 in Ice Magic
 33689 | D:14     | Reached skill level 17 in Hexes
 33985 | D:14     | Noticed a frost giant
 34162 | D:14     | - hey that dude was not even onscreen
 34297 | D:14     | Killed a frost giant
 34298 | D:14     | Reached XP level 16. HP: 72/120 MP: 3/25
 34718 | D:14     | Got the Guide on the Rocks
 36307 | Lair:5   | Killed Urug
 36529 | Lair:5   | Found a staircase to the Slime Pits.
 36887 | D:8      | Mangled by a phantasmal warrior

Illustrated notes .# ###..+#.. #..## ###..##..<. #..#############..###...#. #..#......(#..### +..... ##.'..≈≈≈..'.## #...## ###..#.......#..# #...#. ###)[#############..# #...#. ####..###...........###..##..#. #...####...........#.. #....#. #.###.....$...l....... ##+##. #.#......#####@....... #. #........# #.c....#. #. ###......# #......# #......# #......# #......#####......# #.†........#......# #..........#....?.# #..........#......# #..........# ....).........# ..............# Turn 4926 on D:5: - well that was stupid... right after handling that tricky business

≈≈≈≈.≈.............≈.≈≈≈≈#
≈≈≈.≈≈.⌠.........⌠.≈≈.≈≈≈#
≈≈≈.≈...............≈.≈≈≈#
≈≈.≈≈....≈≈≈≈≈≈≈.)..≈≈.≈≈#
####...≈≈≈≈≈≈≈≈≈≈≈...≈.≈≈#
......≈≈≈≈≈≈≈≈≈≈≈≈≈..≈.≈≈#
......≈≈≈≈≈..|≈≈≈≈)....≈≈#
......≈≈≈≈≈≈≈≈≈≈)≈≈..≈.≈≈#
####...≈≈≈≈≈≈≈≈≈≈≈...≈.≈≈#
≈≈.≈≈....≈≈≈≈≈≈≈....≈≈.≈≈#
≈≈≈)≈...........@..)≈.≈≈≈#
≈≈≈.≈≈)).........))≈≈.≈≈≈#
≈≈≈≈.≈))..........)≈.≈≈≈≈#
≈≈≈≈)≈≈≈.........≈≈≈.≈≈≈≈#
≈≈≈≈≈..≈≈≈.....≈≈≈..≈≈≈≈≈#
≈≈≈≈≈≈≈..≈≈≈≈≈≈≈..≈≈≈≈≈≈≈#
#≈≈≈≈≈≈≈≈.......≈≈≈≈≈≈≈≈##
##≈≈≈≈≈≈≈≈≈≈≈≈≈≈≈≈≈≈≈≈≈##
##≈≈≈≈≈≈≈≈≈≈≈≈≈≈≈≈≈≈≈##
#####################


Turn 27989 on Bailey: - i thought this one usually has manuals
#################### ##..................## #<.).........†.......#
###################..# ##################..# ##......[............#
#.......).@.......).## #..################## #..###################
#......).....)†.....)# ##.).........)†....(## #################### Turn 32223 on
D:14: - strange little pocket .... #.....###..##..... #### #.....# ####......
#.....# #...... #.....# #...... #....#######...... #..........#......
#[......####...... #.....#....#...... #..<[....###...... #..........##.....
#@.........###.... #p....(......##... #.............##.. #........###...##.
################(.[........)#..## ..........p.(..(C.......######.#.
........................# #....<. ...................########......
............÷.......####......... ################.)..[.(..........
.........................)#..>... Turn 34162 on D:14: - hey that dude was not
even onscreen

Levels and vault maps discovered:
D:1:      scummos_arrival_simple_fountains, layout_rooms,
          minmay_misc_feat_four_crosses
D:2:      layout_basic, dreamdust_ecumenical_altar_drowned_temple, basic_altar,
          minmay_tall_x
D:3:      layout_loops_corners, mainiacjoe_overflow_tiny_flanked,
          vehumet_altar_wand_db
D:4:      minmay_angry_zag, layout_basic, kennysheep_boxes
D:5:      layout_basic, nicolae_overflow_crystal_walls,
          minmay_temple_entry_offerings, grunt_decor_clamped, uniq_pikel,
          uniq_blork_the_orc
D:6:      layout_basic, makhleb_grotto_becter
D:7:      layout_loops_cross
D:8:      layout_rooms, nicolae_ashenzari_skybound, lemuel_crystal_altar,
          gammafunk_ghost_wrathful_warriors, uniq_joseph
D:9:      layout_basic, nicolae_good_shop, uniq_maggie
D:10:     layout_basic, uniq_josephine
D:11:     layout_loops_ring, minmay_lair_entry_grove, serial_shops, shop,
          uniq_nergalle, uniq_fannar
D:12:     layout_small_grid, zombieorc1_lemuel, st_stairs_6
D:13:     layout_cave_pods, lightli_vaults_fourway_checkpoint,
          kennysheep_flooded_box
D:14:     minmay_nested_s, layout_rooms, kennysheep_big_empty_room, uniq_frances
Temple:   eino_temple_scatter_basement
Lair:1:   gammafunk_boulding_lane, layout_regular_city, gauntlet_entry_generic,
          minivault_23, serial_bayou_shore_a
Lair:2:   nzn_winding_woodlands_stair_trap [nzn_winding_woodlands_5x15_cabin,
          nzn_winding_woodlands_5x15_default, nzn_winding_woodlands_5x15_eye,
          nzn_winding_woodlands_15x15_eel_pit,
          nzn_winding_woodlands_5x15_lazy_stream,
          nzn_winding_woodlands_5x15_split_checker,
          nzn_winding_woodlands_5x15_pool], layout_small_grid,
          spider_nest_entry_web_field
Lair:3:   kb_forest_paths, layout_regular_city, elwin_shoals_entry_stream,
          basic_altar
Lair:4:   layout_layer_cave, ebering_ghost_rock_garden, beast_lair_carwin_4
Lair:5:   layout_layer_cave, minmay_slime_entry_oklob_enclosed,
          ebering_ghost_funeral_grove, small_statue_intersection, uniq_nessos,
          uniq_urug
Lair:6:   gammafunk_lair_ancient_temple, layout_gridlike,
          kennysheep_snail_temple, grunt_megastairs_3, serial_bayou_shore_b
Orc:1:    layout_caves, enter_bailey_3, nicolae_orc_crystal_geode
Orc:2:    grunt_orc_tribal_feast, layout_caves

Skill      XL: |  1  2  3  4  5  6  7  8  9 10 11 12 13 14 15 |
---------------+----------------------------------------------+-----
Short Blades   | 2 3 4 5 6 9 |  9.0
Stealth        | 5 6 11 12 13 15 | 15.0
Hexes          | 5 6 8 10 12 13 15 17 | 17.9
Dodging        | 4 6 9 11 12 | 12.0
Fighting       | 1 5 6 9 |  9.0
Spellcasting   | 3 4 6 |  6.0
Ice Magic      | 3 5 6 8 10 | 10.9
Shields        | 6 |  6.0
Necromancy     | 8 9 |  9.0
Armour         | 4 6 |  6.0
Evocations     | 2 6 |  6.0

Action                   |  1- 3 |  4- 6 |  7- 9 | 10-12 | 13-15 | 16-18 || total
-------------------------+-------+-------+-------+-------+-------+-------++-------
Melee: Dagger            |   176 |   127 |   319 |   405 |  1274 |   157 ||  2458
       Bite              |    17 |     8 |    31 |    47 |   142 |    21 ||   266
Throw: Dart              |    16 |     6 |     9 |     3 |    96 |     7 ||   137
       Stone             |     4 |       |       |       |       |       ||     4
 Cast: Corona            |    22 |    15 |    19 |       |     1 |     1 ||    58
       Ensorcelled Hiber |     2 |    20 |    47 |   123 |   351 |     6 ||   549
       Confusing Touch   |       |     4 |    12 |    30 |    61 |    14 ||   121
       Tukima's Dance    |       |       |     4 |    12 |    36 |     4 ||    56
       Slow              |       |       |    15 |    67 |   133 |     8 ||   223
       Metabolic Englaci |       |       |       |       |    27 |     8 ||    35
       Vampiric Draining |       |       |       |       |    17 |       ||    17
Evoke: Wand              |       |       |     8 |     6 |    41 |     4 ||    59
       Tin of tremorston |       |       |       |       |     3 |     1 ||     4
  Use: Scroll            |       |     3 |     9 |     8 |     6 |       ||    26
       Potion            |       |       |     2 |     4 |     2 |     1 ||     9
 Stab: Sleeping          |    13 |    18 |    37 |    93 |   200 |     8 ||   369
       Confused          |       |     5 |    10 |    34 |    67 |    10 ||   126
       Paralysed         |       |       |     2 |     2 |       |     2 ||     6
       Distracted        |       |       |       |     1 |     5 |     1 ||     7
Armor: Robe              |    26 |    24 |    45 |     1 |   141 |    14 ||   251
       Troll leather arm |       |       |       |    38 |    60 |       ||    98
Dodge: Dodged            |   104 |    57 |   154 |   178 |   879 |    49 ||  1421
Block: Buckler           |       |       |       |    40 |   264 |    19 ||   323
